 Dungeon Crawl Stone Soup version 0.17-a0-744-gaa96792 (webtiles) character file.

79 namelastname112 the Chiller (level 4, -7/30 HPs)
             Began as a Merfolk Ice Elementalist on Apr 21, 2015.
             Mangled by a gnoll
             ... wielding a +0 halberd
              (16 damage)
             ... on level 3 of the Dungeon.
             The game lasted 00:03:07 (1616 turns).

namelastname112 the Chiller (MfIE)                  Turns: 1616, Time: 00:03:07

Health: -7/30      AC:  3    Str:  8    XL:     4   Next: 37%
Magic:  3/9        EV:  7    Int: 15    God:
Gold:   102        SH:  0    Dex: 14    Spells: 1 memorised, 8 levels left

rFire  . . .     SeeInvis .     e - +1 dagger (drain)
rCold  . . .     Clarity  .     f - +1 robe {rN+}
rNeg   + . .     SustAb   .     (no shield)
rPois  .         Gourm    .     (no helmet)
rElec  .         Spirit   .     (no cloak)
rCorr  .         Warding  .     (no gloves)
rMut   .         Stasis   .     (no boots)
MR     .....                    (no amulet)
Stlth  ++........               (no ring)
                                g - ring of flight

@: held, not resistant to hostile enchantments, unstealthy
A: change form in water, swift swim
a: Evoke Flight


You were on level 3 of the Dungeon.
You were hungry.

You visited 1 branch of the dungeon, and saw 3 of its levels.

You collected 102 gold pieces.

Inventory:

Hand weapons
 e - a +1 dagger of draining (weapon)
Armour
 f - a +1 robe of positive energy (worn)
Jewellery
 g - a ring of flight (left hand)
Scrolls
 a - 3 scrolls of enchant weapon {unknown}
 h - a scroll of immolation {unknown}
 i - a scroll of amnesia {unknown}
 l - a scroll of teleportation {unknown}
Potions
 d - a potion of flight {unknown}
 j - a potion of invisibility {unknown}
 k - a potion of might {unknown}
Books
 b - a book of Frost

   Spells                             Type                      Level
   a - Freeze                         Ice                          1
   b - Throw Frost                    Conjuration/Ice              2
   c - Ozocubu's Armour               Charms/Ice                   3
   d - Throw Icicle                   Conjuration/Ice              4
   e - Summon Ice Beast               Ice/Summoning                4
   f - Condensation Shield            Ice                          4
Comestibles
 c - a bread ration
 m - a chunk of flesh
 n - a meat ration


   Skills:
 - Level 2.6 Dodging
 - Level 2.1 Stealth
 + Level 3.3 Spellcasting
   Level 0.7 Conjurations
 + Level 4.3 Ice Magic


You had 8 spell levels left.
You knew the following spells:

 Your Spells              Type           Power        Failure   Level  Hunger
z - Freeze                Ice            ###.         3%          1    None


Dungeon Overview and Level Annotations

Branches:
Dungeon (3/15)

Altars:
Dithmenos
Trog


Message History

Aim: a kobold, wearing an animal skin You freeze the kobold.
You kill the kobold!
The gnoll hits you from afar with a halberd.
A kobold comes into view.
The kobold throws a stone.
The stone misses you.
Found a stone staircase leading down.
There is a stone staircase leading up here.
You see here a stone.
The kobold throws a throwing net.
The throwing net hits you.
You become entangled in the net!
You stop ascending the stairs.
The kobold throws a stone.
The stone hits you.
You try to slip out of the net.
The gnoll hits you from afar with a halberd.
The kobold throws a stone.
The stone hits you.
* * * LOW HITPOINT WARNING * * *
You try to slip out of the net.
The gnoll hits you from afar with a halberd!
Ouch! That really hurt!
You die...

### . ..# ### ..>
#.# ##.# ##..# #.#
##.?#
.....##.#####..(#
# #!.>.#..##K(.#.#
.#
#.........###g##.#
#....@?g.## #)...#
#..##..#(####K.###
# #.##..#...##
#.###.)...# ###
≈.≈ ##.#..###..
.≈K≈ #....##..
≈≈.≈ ##....#.#
.≈...≈ ###...#.###
._. #........)#


You could see a gnoll and 2 kobolds.

Vanquished Creatures
  An adder (D:2)
  2 gnolls (D:3)
  An ooze (D:1)
  A giant gecko (D:1)
  A ball python (D:2)
  5 bats
  2 giant cockroaches (D:1)
  7 hobgoblins
  12 kobolds
  A quokka (D:2)
  2 giant newts
  5 goblins
  11 rats
51 creatures vanquished.

Notes
Turn   | Place    | Note
--------------------------------------------------------------
     0 | D:1      | namelastname112, the Merfolk Ice Elementalist, began the quest for the Orb.
     0 | D:1      | Reached XP level 1. HP: 13/13 MP: 3/3
   117 | D:1      | Reached XP level 2. HP: 11/19 MP: 1/5
   633 | D:1      | Reached XP level 3. HP: 21/24 MP: 1/7
  1180 | D:2      | Reached skill level 4 in Ice Magic
  1307 | D:2      | Found a shadowy altar of Dithmenos.
  1554 | D:3      | Reached XP level 4. HP: 30/30 MP: 5/8
  1611 | D:3      | Found a bloodstained altar of Trog.
  1616 | D:3      | Mangled by a gnoll

Action                   |  1- 3 |  4- 6 || total
-------------------------+-------+-------++-------
Melee: Short sword       |     8 |       ||     8
       Dagger            |    31 |     2 ||    33
 Cast: Freeze            |    42 |    10 ||    52
  Eat: Chunk             |     2 |       ||     2
